 Dungeon Crawl Stone Soup version 0.30-a0-782-ge64f9170bb (console) character file.

Game seed: 10682629025118475996

4 rlgrobin the Grasshopper (level 1, -2/22 HPs)
             Began as an Ogre Warper on Feb 18, 2023.
             Slain by a kobold
             ... wielding a +0 spear
              (4 damage)
             ... on level 1 of the Dungeon.
             The game lasted 00:00:37 (170 turns).

rlgrobin the Grasshopper (Ogre Warper)               Turns: 170, Time: 00:00:38

Health: -2/22      AC:  3    Str: 14    XL:     1   Next: 60%
Magic:  3/3        EV:  9    Int: 14    God:
Gold:   40         SH:  0    Dex:  8    Spells: 4/4 levels left

rFire   . . .      SeeInvis .    a - +0 spear
rCold   . . .      Faith    .    (no shield)
rNeg    . . .      Spirit   .    b - +0 robe
rPois   .          Reflect  .    (helmet restricted)
rElec   .          Harm     .    (no cloak)
rCorr   .          Rampage  .    (gloves unavailable)
Will    .....                    (boots unavailable)
Stlth   +                        (no amulet)
HPRegen 0.23/turn                (no ring)
MPRegen 0.08/turn                (no ring)

@: no status effects
A: large, unfitting armour, tough skin 1
a: no special abilities


You were on level 1 of the Dungeon.
You visited 1 branch of the dungeon, and saw 1 of its levels.

You collected 40 gold pieces.

Inventory:

Hand Weapons
 a - a +0 spear (weapon)
Missiles
 d - 7 boomerangs of dispersal (quivered)
Armour
 b - a +0 robe (worn)
Scrolls
 c - a scroll of blinking
Potions
 e - a potion of curing {unknown}


   Skills:
 - Level 2.6 Fighting
 + Level 2.4 Polearms
 - Level 1.0 Throwing
 - Level 2.1 Dodging
 - Level 2.4 Spellcasting
 - Level 2.6 Translocations


You had 4 spell levels left.
You didn't know any spells.
Your spell library contained the following spells:

 Spells                   Type           Power      Damage    Failure   Level
 Blink                    Tloc           18%        N/A       12%         2
 Lesser Beckoning         Tloc           18%        N/A       12%         2
 Teleport Other           Tloc           9%         N/A       22%         3
 Vhi's Electric Charge    Tloc/Air       10%        N/A       36%         3
 Manifold Assault         Tloc           9%         N/A       58%         4


Dungeon Overview and Level Annotations

Branches:
Dungeon (1/15)

Altars:


Innate Abilities, Weirdness & Mutations

You are too large for most types of armour.
You have tough skin. (AC +1)


Message History

A jackal comes into view.
The jackal moves out of view.
You closely miss the hobgoblin.
The hobgoblin is almost dead.
The hobgoblin closely misses you. The kobold hits you but does no damage.
You barely miss the hobgoblin.
The hobgoblin is almost dead.
The hobgoblin barely misses you. The kobold hits you with a +0 club.
You hit the hobgoblin.
You kill the hobgoblin!
The kobold hits you with a +0 club.
You hit the kobold but do no damage. The kobold hits you with a +0 club.
You barely miss the kobold. The kobold hits you with a +0 club.
You closely miss the kobold.
A kobold comes into view. It is wielding a +0 spear.
The kobold hits you with a +0 club.
You hit the kobold.
The kobold is moderately wounded.
The kobold hits you with a +0 club.
You are too injured to fight recklessly!
You are too injured to fight recklessly!
You are too injured to fight recklessly!
You miss the kobold.
The kobold is moderately wounded.
The kobold barely misses you.
You miss the kobold.
The kobold is moderately wounded.
The kobold closely misses you. The kobold hits you but does no damage.
You hit the kobold but do no damage.
The kobold is moderately wounded.
The kobold hits you from afar with a +0 spear.
* * * LOW HITPOINT WARNING * * *
The kobold hits you but does no damage.
You hit the kobold.
You kill the kobold!
The kobold hits you from afar with a +0 spear.
* * * LOW HITPOINT WARNING * * *
You hit the jackal but do no damage.
The kobold hits you from afar with a +0 spear.
You die...

###. #... ...
..## ... # #.#
#.##.
####.##K.....
#....@hh.#
#...#.##......
#. #.# ##...
###'### .


#PP.PP# #.P..P# #P..P.# #...PP# ##...## You could see 2 jackals and a kobold.

Vanquished Creatures
  A goblin (D:1)
  A hobgoblin (D:1)
  A bat (D:1)
  A kobold (D:1)
4 creatures vanquished.

Vanquished Creatures (others)
  3 plants (D:1)
  6 withered plants (D:1)
9 creatures vanquished.

Grand Total: 13 creatures vanquished

Notes
Turn   | Place    | Note
-------+----------+-------------------------------------------
     0 | D:1      | rlgrobin the Ogre Warper began the quest for the Orb.
     0 | D:1      | Reached XP level 1. HP: 22/22 MP: 3/3
   125 | D:1      | Found a faded altar of an unknown god.
   170 | D:1      | Slain by a kobold

Illustrated notes

Levels and vault maps discovered:
D:1:      evilmike_arrival_crescent, layout_loops_cross,
          shapermc_ecumenical_altar_flowoftime, hex_tiny

Action                     || total
---------------------------++-------
  Melee: Spear             ||    31
 Armour: Robe              ||     5
  Dodge: Dodged            ||     6

Table legend: (Time is in decaauts)
 A = Elapsed time spent in this place.
 B = Non-inter-level travel time spent in this place.
 C = Inter-level travel time spent in this place.
 D = Time resting spent in this place.
 E = Time spent auto-exploring this place.
 F = Levels seen in this place.
 G = Mean time per level.
                   A        B        C        D        E       F      G
               +--------+--------+--------+--------+--------+-----+--------+
         Total |    169 |    169 |      0 |      0 |    115 |   1 |  169.0 |
       Dungeon |    169 |    169 |      0 |      0 |    115 |   1 |  169.0 |
               +--------+--------+--------+--------+--------+-----+--------+

Top non-repeatable levels by time:
     D:1: 169 daAuts
